 Dungeon Crawl Stone Soup version 0.31.0-32-g396128a36d (webtiles) character file.

Game seed: 9732591905609250788

4531 Henri the Grappler (level 10, -1/74 HPs)
             Began as an Octopode Shapeshifter on Apr 7, 2024.
             Was a Follower of Dithmenos.
             Slain by a vault guard
             ... wielding a +0 broad axe
              (28 damage)
             ... in a bailey.
             The game lasted 00:17:06 (7383 turns).

Henri the Grappler (Octopode Shapeshifter)          Turns: 7383, Time: 00:17:07

Health: -1/74      AC:  1    Str: 18    XL:     10   Next: 39%
Magic:  10/10      EV: 13    Int: 13    God:    Dithmenos [*.....]
Gold:   709        SH:  5    Dex: 11    Spells: 9/9 levels left

rFire   . .          .
                       - Unarmed
rCold   . . .        (no shield)
rNeg    . . .        (helmet currently unavailable)
rPois   .            p - amulet of reflection
rElec   .            e - ring of resist corrosion
rCorr   +            (no ring)
SInv    .            (no ring)
Will    .....        (no ring)
Stlth   +++          (no ring)
HPRegen 0.32/turn    (no ring)
MPRegen 0.12/turn    (no ring)
                     (no ring)

%: reflection
@: mighty, beast-form, wreathed by umbra
A: beast (slay +4), almost no armour, amphibious, 8 rings, camouflage 1,
gelatinous body 1, (nimble swimmer 1), tentacles
a: Begin Untransformation, Renounce Religion


You were in a bailey.
You worshipped Dithmenos.
Dithmenos was aware of your devotion.
You were a hulking beast.
You visited 1 branch of the dungeon, and saw 7 of its levels.
You also visited: Bailey.

You collected 709 gold pieces.

Inventory:

Hand Weapons
 k - the +7 orcbow "Killer Bee's Peril" {freeze, +Blink rElec Int+2}
   (You found it on level 2 of the Dungeon)

   Int+2:     It affects your intelligence (+2).
   rElec:     It insulates you from electricity.
   +Blink:    It lets you blink.
 w - the +4 quarterstaff of Gehenna {drain, *Noise Str+4 Dex+3 SInv}
   (You found it on level 4 of the Dungeon)

   Str+4:     It affects your strength (+4).
   Dex+3:     It affects your dexterity (+3).
   SInv:      It lets you see invisible.
   *Noise:    It may make a loud noise when swung.
Missiles
 g - a throwing net (quivered)
 y - 9 poisoned darts
Armour
 B - a +2 hat
Jewellery
 e - a ring of resist corrosion (left tentacle)
 p - an amulet of reflection (around mantle)
Talismans
 b - a beast talisman
 c - a flux talisman
 f - a dragon-blood talisman
Wands
 u - a wand of flame (10)
 D - a wand of mindburst (19)
Scrolls
 j - a scroll of summoning
 l - a scroll of teleportation
 n - a scroll of blinking {unknown}
 t - a scroll of fog
 A - a scroll of vulnerability {unknown}
Potions
 a - a potion of lignification
 d - a potion of cancellation {unknown}
 h - 2 potions of attraction
 i - a potion of magic
 o - a potion of curing {unknown}
 r - 2 potions of brilliance
 s - a potion of ambrosia {unknown}
 v - a potion of invisibility {unknown}
 x - a potion of degeneration {unknown}
 z - a potion of might
 C - a potion of enlightenment {unknown}


   Skills:
 + Level 9.1 Fighting
 * Level 2.1 Staves
 - Level 2.0 Dodging
 + Level 2.1 Stealth
 - Level 12.7 Unarmed Combat
 - Level 7.0 Shapeshifting


You had 9 spell levels left.
You didn't know any spells.
Your spell library contained the following spells:

 Spells                   Type           Power      Damage    Failure   Level
 Foxfire                  Conj/Fire      0%         2x1d4     30%         1
 Kiss of Death            Conj/Necr      0%         2d5       30%         1
 Jinxbite                 Hex            0%         N/A       43%         2
 Confusing Touch          Hex            0%         N/A       67%         3
 Fugue of the Fallen      Necr           0%         N/A       67%         3
 Ozocubu's Armour         Ice            0%         N/A       67%         3
 Dispel Undead            Necr           0%         3d6       97%         4
 Manifold Assault         Tloc           0%         N/A       97%         4
 Yara's Violent Unravell  Hex/Alch       0%         3d3       100%        5
 Plasma Beam              Fire/Air       0%         2x1d10    100%        6
 Starburst                Conj/Fire      0%         6d3       100%        6
 Enfeeble                 Hex            0%         N/A       100%        7
 Chain Lightning          Conj/Air       0%         N/A       100%        9
 Fire Storm               Conj/Fire      0%         5d1       100%        9
 Shatter                  Erth           0%         3d5*      100%        9


Dungeon Overview and Level Annotations

Branches:
Dungeon (7/15)             Bailey (1/1)
 Temple: D:4-7

Altars:
Dithmenos
Qazlal
Ru
Trog
Xom

Shops:
D:6 (


Innate Abilities, Weirdness & Mutations

You are a hulking beast.
Your limbs bulge with bestial killing power. (Slay +4)
You cannot wear most types of armour.
You are amphibious.
You can wear up to eight rings at the same time.
Your skin changes colour to match your surroundings (Stealth+).
Your rubbery body absorbs attacks. (AC +1, EV +1)
((You are camouflaged when in or above water. (Stealth+)))
You have tentacles for arms and can constrict up to eight enemies at once.


Message History

A vault guard comes into view. It is wielding a +0 broad axe.
The vault guard shouts!
You batter Prince Ribbit!! You grab Prince Ribbit.
Prince Ribbit is severely wounded.
You constrict Prince Ribbit. Prince Ribbit hits you.
The orc warrior hits you with a +0 hand axe!
You tentacle-slap Prince Ribbit. You squeeze Prince Ribbit.
You kill Prince Ribbit!
Dithmenos accepts your kill.
Prince Ribbit returns to his original shape as he dies.
The orc warrior hits you with a +0 hand axe!
You feel very mighty all of a sudden. The orc warrior barely misses you.
You bludgeon the orc warrior! You grab the orc warrior.
You tentacle-slap the orc warrior!
The orc warrior is severely wounded.
You constrict the orc warrior. You bludgeon the orc warrior!
You kill the orc warrior!
Dithmenos accepts your kill.
You batter the bullfrog!!
You kill the bullfrog!
Dithmenos accepts your kill.
You bludgeon the goblin!
You kill the goblin!
Dithmenos accepts your kill.
You tentacle-slap the human. You grab the human. You tentacle-slap the human!
You squeeze the human!
The human is almost dead.
You constrict the human.
The human struggles to escape constriction.
You batter the human!!
You kill the human!
Dithmenos accepts your kill.
Your Staves skill increases to level 2!
Your Stealth skill increases to level 2!
You closely miss the vault guard. You grab the vault guard.
You constrict the vault guard, but do no damage.
The vault guard hits you with a +0 broad axe!!
You die...

≈# #########
~≈≈####≈≈#....##
.~~≈≈≈≈~~#†....##
...~~~~..ph.#...#
~........#..#...#
~.~..~≈≈≈#..##..#
~...~≈#######...#
~~~~~ #.......#####
~~~~ #......##...##
~~~ ##'#....)..∩..#
≈≈
###..######†....# #
###....##)~)'..∩..#


You could see a vault guard.

Vanquished Creatures
  Prince Ribbit (Bailey)
  Sigmund (D:2)
  Eustachio (D:4)
  4 humans (Bailey)
  A water moccasin (D:5)
  An orc warrior (Bailey)
  A black bear (D:5)
  An ice beast (D:4)
  An ogre (D:5)
  2 phantoms (D:4)
  12 bullfrogs
  A kobold brigand (D:7)
  A gnoll sergeant (D:6)
  2 scorpions
  A howler monkey (D:4)
  2 jellies
  4 hounds
  4 sleepcaps
  Crazy Yiuf (D:4)
  2 gnoll boudas
  An iguana (D:5)
  9 orc wizards (D:6)
  Robin (D:3)
  7 gnolls
  10 adders
  2 ufetubi
  3 ribbon worms
  3 dart slugs
  11 orcs
  7 ball pythons
  11 bats
  4 endoplasms
  6 giant cockroaches
  22 goblins
  11 hobgoblins
  6 jackals
  13 kobolds
  5 quokkas
  5 frilled lizards
  4 rats
185 creatures vanquished.

Vanquished Creatures (others)
  A bombardier beetle (D:4)
1 creature vanquished.

Grand Total: 186 creatures vanquished

Notes
Turn   | Place    | Note
-------+----------+-------------------------------------------
     0 | D:1      | Henri the Octopode Shapeshifter began the quest for the
                  | Orb.
     0 | D:1      | Reached XP level 1. HP: 13/13 MP: 1/1
   218 | D:1      | Found a faded altar of an unknown god.
   222 | D:1      | Reached XP level 2. HP: 16/18 MP: 2/2
   687 | D:1      | Reached XP level 3. HP: 18/23 MP: 3/3
   909 | D:2      | Noticed Sigmund
  1220 | D:2      | Identified the +1 pair of gloves "Jaace" {+Blink rF+ Dex+2}
  1224 | D:2      | Identified the +7 orcbow "Killer Bee's Peril" {freeze,
                  | +Blink rElec Int+2}
  1293 | D:2      | Killed Sigmund
  1294 | D:2      | Reached skill level 5 in Unarmed Combat
  1294 | D:2      | Reached XP level 4. HP: 24/31 MP: 4/4
  1294 | D:2      | Reached XP level 5. HP: 28/36 MP: 5/5
  1584 | D:3      | Reached XP level 6. HP: 42/42 MP: 6/6
  2258 | D:4      | Noticed Robin
  2341 | D:4      | Noticed Eustachio
  2348 | D:3      | Killed Robin
  2743 | D:4      | Killed Eustachio
  2744 | D:4      | Reached skill level 6 in Unarmed Combat
  2803 | D:4      | Reached XP level 7. HP: 47/47 MP: 7/7
  2811 | D:4      | Found a stormy altar of Qazlal.
  2948 | D:4      | Identified the +4 quarterstaff of Gehenna {drain, *Noise
                  | Str+4 Dex+3 SInv}
  3056 | D:4      | Found a shimmering altar of Xom.
  3303 | D:4      | Found a runed translucent door.
  3304 | D:4      | Noticed Crazy Yiuf
  3903 | D:4      | Reached skill level 7 in Unarmed Combat
  4273 | D:4      | Reached XP level 8. HP: 36/54 MP: 8/8
  4278 | D:4      | Reached skill level 12 in Unarmed Combat
  4278 | D:4      | Reached XP level 9. HP: 23/67 MP: 9/9
  4651 | D:4      | Killed Crazy Yiuf
  4706 | D:5      | Entered Level 5 of the Dungeon
  5907 | D:6      | Reached skill level 5 in Shapeshifting
  6262 | D:6      | Found a sacrificial altar of Ru.
  6882 | D:6      | Found a bloodstained altar of Trog.
  6886 | D:6      | Found a shadowy altar of Dithmenos.
  6894 | D:6      | Became a worshipper of Dithmenos the Shadowed
  6934 | D:6      | Found Ivuo's Antique Weapon Emporium.
  7153 | D:7      | Found a flagged portal.
  7175 | Bailey   | Entered a bailey
  7223 | Bailey   | Reached XP level 10. HP: 65/74 MP: 10/10
  7358 | Bailey   | Reached * piety under Dithmenos
  7365 | Bailey   | Noticed Prince Ribbit
  7371 | Bailey   | Reached skill level 1 in Staves
  7371 | Bailey   | Reached skill level 1 in Stealth
  7373 | Bailey   | Noticed a vault guard
  7375 | Bailey   | Killed Prince Ribbit
  7383 | Bailey   | Slain by a vault guard

Illustrated notes

Levels and vault maps discovered:
D:1:      dpeg_arrival_radiant, layout_basic, ebering_ecumenical_altar_ruins,
          minmay_pentomino_x2
D:2:      layout_rooms, uniq_sigmund
D:3:      layout_loops_ring
D:4:      minmay_polygon_palace, layout_basic, mainiacjoe_overflow_tiny_flanked,
          mainiacjoe_overflow_six_doors_small,
          amcnicky_mini_rare_corridor_liquid, minmay_diced_spiral, uniq_robin,
          uniq_eustachio, uniq_crazy_yiuf_cottage
D:5:      layout_loops_cross
D:6:      minmay_flawed_box, layout_basic, nicolae_ru_great_annihilating_truth,
          minitemple, serial_shops, shop, minmay_holes
D:7:      layout_loops_corners, minmay_temple_entry_fiery, enter_bailey_2
Bailey:   bailey_axe_froggy_fort_hellmonk, bailey

Skill      XL: |  1  2  3  4  5  6  7  8  9 10 |
---------------+-------------------------------+-----
Fighting       | 3 4 8 9 |  9.1
Unarmed Combat | 5 6 7 12 | 12.7
Shapeshifting  | 6 7 |  7.0
Staves         | 2 |  2.1
Stealth        | 2 |  2.1
Dodging        | |  2.0

Action                     |  1- 3 |  4- 6 |  7- 9 | 10-12 || total
---------------------------+-------+-------+-------+-------++-------
  Melee: Unarmed           |    57 |    88 |   199 |    38 ||   382
         Constrict         |    18 |    22 |    41 |    12 ||    93
         Tentacles         |     7 |    15 |    32 |     7 ||    61
         Punch             |     1 |       |    11 |     5 ||    17
   Fire: Orcbow            |     2 |       |       |       ||     2
    Use: Scroll            |       |     3 |     9 |       ||    12
         Potion            |       |       |     2 |     1 ||     3
   Stab: Sleeping          |     9 |     3 |     9 |       ||    21
         Distracted        |       |       |     1 |       ||     1
 Armour: Skin              |    31 |    44 |    80 |    15 ||   170
  Dodge: Dodged            |    39 |    52 |    67 |    13 ||   171
  Block: Other             |       |    11 |    26 |     4 ||    41
         Reflection        |       |       |     1 |       ||     1
